 Dungeon Crawl Stone Soup version 0.26-a0-651-gb41185065b (webtiles) character file.

Game seed: 18172853394320491501

26 Flugslaktarn the Shield-Bearer (level 2, -2/28 HPs)
             Began as a Deep Dwarf Fighter on Oct 6, 2020.
             Slain by Sigmund
             ... wielding a +0 scythe
              (8 damage)
             ... on level 2 of the Dungeon.
             The game lasted 00:00:29 (506 turns).

Flugslaktarn the Shield-Bearer (Deep Dwarf Fighter)  Turns: 506, Time: 00:00:29

Health: -2/28      AC:  8    Str: 19    XL:     2   Next: 89%
Magic:  2/2        EV:  7    Int:  8    God:
Gold:   76         SH:  0    Dex: 12    Spells: 1/1 levels left

rFire    . . .     SeeInvis .   a - +0 war axe
rCold    . . .     Faith    .   c - +0 kite shield
rNeg     . . .     Spirit   .   b - +0 scale mail
rPois    .         Reflect  .   f - +0 helmet
rElec    .         Harm     .   (no cloak)
rCorr    .         Rampage  .   (no gloves)
MR       .....                  (no boots)
Stlth    ..........             (no amulet)
HPRegen  0.00/turn              (no ring)
MPRegen  0.08/turn              (no ring)

@: confused, non-regenerating
A: damage resistance, heal wounds, sense surroundings 1, no regeneration
a: Heal Wounds


You were on level 2 of the Dungeon.
You visited 1 branch of the dungeon, and saw 2 of its levels.

You collected 76 gold pieces.

Inventory:

Hand Weapons
 a - a +0 war axe (weapon)
Armour
 b - a +0 scale mail (worn)
 c - a +0 kite shield (worn)
 f - a +0 helmet (worn)
   (You found it on level 1 of the Dungeon)
Jewellery
 g - a +6 ring of strength {unknown}
   (You found it on level 1 of the Dungeon)
Scrolls
 h - 3 scrolls of identify {unknown}
 i - a scroll of remove curse {unknown}
Potions
 d - a potion of might
 e - a potion of degeneration {unknown}


   Skills:
 * Level 3.0 Fighting
 * Level 2.7 Axes
 + Level 3.5 Armour
 + Level 3.6 Shields


You had one spell level left.
You didn't know any spells.
Your spell library was empty.

Dungeon Overview and Level Annotations

Branches:
Dungeon (2/15)

Altars:

Annotations:
D:2 Sigmund


Innate Abilities, Weirdness & Mutations

You are resistant to damage.
You can heal yourself by infusing magical energy.
You passively map a small area around you.
You do not regenerate.


Message History

You closely miss Sigmund.
Sigmund is almost dead.
Sigmund hits you but does no damage.
You hit Sigmund but do no damage.
Sigmund is almost dead.
Sigmund mumbles some strange words.
Sigmund flickers and vanishes!
Deactivating autopickup; reactivate with Ctrl-A.
Something hits you.
You miss something. You closely miss something.
You hear some strange, mumbled words.
A magic dart appears from out of thin air!
The magic dart hits you!
You hear some strange, mumbled words.
You are confused.
Something hits you!
* * * LOW HITPOINT WARNING * * *
Something hits you!
You die...

....# #.####
#.#...#.# #####
#...<#######.....#.#
####.......#.......#
* **
##.#####.#########
...#######...# *
#...........### *
#..####.......# ,
#{......#* *
#..@....#, *
*#.#...##...
*.......# #..#
#.....### #.# , ,
#.....# .# * #.....#
*, #.....# * ,*
####### * * * ,


There were no monsters in sight!

Vanquished Creatures
  A giant cockroach (D:2)
  A goblin (D:1)
  3 hobgoblins
  5 jackals (D:2)
  5 kobolds
  2 quokkas (D:2)
  A ball python (D:1)
  A bat (D:2)
  A frilled lizard (D:2)
  3 rats
23 creatures vanquished.

Notes
Turn   | Place    | Note
-------+----------+-------------------------------------------
     0 | D:1      | Flugslaktarn the Deep Dwarf Fighter began the quest for the
                  | Orb.
     0 | D:1      | Reached XP level 1. HP: 20/20 MP: 1/1
   125 | D:2      | Reached XP level 2. HP: 25/27 MP: 2/2
   460 | D:2      | Noticed Sigmund
   506 | D:2      | Slain by Sigmund

Illustrated notes

Levels and vault maps discovered:
D:1:      minmay_arrival_hallway, layout_basic
D:2:      layout_loops_cross, uniq_sigmund

Skill      XL: |  1  2 |
---------------+-------+-----
Fighting       | 3 |  3.0
Axes           | |  2.7
Armour         | |  3.5
Shields        | |  3.6

Action                   || total
-------------------------++-------
Melee: War axe           ||    95
 Abil: Heal Wounds       ||     3
Armor: Scale mail        ||    39
Dodge: Dodged            ||    25
Block: Kite shield       ||    46

Table legend: (Time is in decaauts)
 A = Elapsed time spent in this place.
 B = Non-inter-level travel time spent in this place.
 C = Inter-level travel time spent in this place.
 D = Time resting spent in this place.
 E = Time spent auto-exploring this place.
 F = Levels seen in this place.
 G = Mean time per level.
                   A        B        C        D        E       F      G
               +--------+--------+--------+--------+--------+-----+--------+
         Total |    547 |    544 |      3 |      0 |    321 |   2 |  273.5 |
       Dungeon |    547 |    544 |      3 |      0 |    321 |   2 |  273.5 |
               +--------+--------+--------+--------+--------+-----+--------+

Top non-repeatable levels by time:
     D:2: 422 daAuts
     D:1: 125 daAuts
